VEGAS vs ARIZONA

Created - May 1, 2021 at 13:17

Goals
1 2 3 T
VEGAS 1 1 2 4
ARIZONA 1 1 0 2
Shots
1 2 3 T
VEGAS 9 4 6 19
ARIZONA 18 13 5 36

1st period

1. VEGAS , Nick Holden 9 (Kyle Turris 26, Nikita Zadorov 22) at 1:05
2. ARIZONA , Joel Eriksson Ek 9 (Jean-Gabriel Pageau 15, Henri Jokiharju 19) at 7:56

Penalties :
Devon Toews (VGK) for Roughing (Minor) at 9:23, Josh Anderson (VGK) for Roughing (Minor) at 17:22

2nd period

3. VEGAS , Sam Reinhart 20 (Phil Kessel 13, Nick Holden 25) at 6:06 (PP)
4. ARIZONA , Riley Sheahan 6 (Brad Richardson 8, Jay Bouwmeester 18) at 18:44

Penalties :
Nikita Zadorov (VGK) for Tripping (Minor) at 1:14, Nicolas Aube-Kubel (ARI) for Holding (Minor) at 4:57, Zack Kassian (ARI) for Cross-checking (Minor) at 8:14, Jack Johnson (VGK) for Cross-checking (Minor) at 12:28

3rd period

5. VEGAS , Victor Rask 5 (Noah Hanifin 30, Slater Koekkoek 11) at 11:59
6. VEGAS , Kyle Turris 9 (Michael Grabner 13) at 12:23

Penalties :
Nikita Zadorov (VGK) for Roughing (Minor) at 15:06

Goalie Stats

Braden Holtby (VGK), 34 saves from 36 shots - (0.944), W, 29-28-5, 60:00 minutes
Corey Crawford (ARI), 15 saves from 19 shots - (0.789), L, 26-17-8, 60:00 minutes

Players Stats for VEGAS

Player Name              G  A  P  +/- PIM S  H  SB GA TA FO     MP     PP MP  PK MP  
------------------------------------------------------------------------------------
Alexander Kerfoot        0  0  0  -1  0   1  0  0  0  0  5/18   16:07   0:00   0:00 
Devon Toews              0  0  0  -2  2   0  0  0  0  0  0/0    14:24   0:49   0:00 
Jack Johnson             0  0  0   0  2   0  5  1  0  0  0/0    18:49   1:50   3:49 
Jayce Hawryluk           0  0  0   1  0   0  1  0  0  0  0/0     3:21   0:00   0:00 
Josh Anderson            0  0  0   1  2   0  4  0  0  0  0/2    15:59   1:50   0:00 
Kyle Turris              1  1  2   1  0   3  0  0  0  0  10/22  19:22   1:50   3:22 
Max Comtois              0  0  0  -1  0   3  3  0  0  0  0/0    16:07   0:00   0:00 
Michael Grabner          0  1  1   1  0   1  0  0  0  0  1/1    16:00   1:50   0:00 
Nick Holden              1  1  2   2  0   2  2  2  0  0  0/0    21:02   1:18   5:01 
Nikita Zadorov           0  1  1   2  4   0  5  1  0  0  0/0    18:48   1:18   2:49 
Noah Hanifin             0  1  1   1  0   1  0  3  0  0  0/0    24:33   1:01   4:54 
Oliver Bjorkstrand       0  0  0   0  0   3  2  0  0  0  1/1    18:01   1:18   3:24 
Ondrej Kase              0  0  0  -1  0   0  0  0  0  0  0/0    16:50   0:00   0:43 
Phil Kessel              0  1  1   1  0   1  0  0  0  0  4/13   24:12   1:18   6:14 
Sam Reinhart             1  0  1   0  0   2  0  0  0  0  7/19   20:44   1:18   6:07 
Slater Koekkoek          0  1  1   1  0   0  1  0  0  0  0/0     6:14   0:00   0:47 
Stephen Johns            0  0  0  -2  0   1  4  1  0  0  0/0    16:06   0:00   2:30 
Victor Rask              1  0  1   1  0   1  0  1  0  0  2/4     3:21   0:00   0:00 

Players Stats for ARIZONA

Player Name              G  A  P  +/- PIM S  H  SB GA TA FO     MP     PP MP  PK MP  
------------------------------------------------------------------------------------
Adrian Kempe             0  0  0   0  0   1  4  0  0  0  1/2    19:50   4:54   0:00 
Brad Richardson          0  1  1   0  0   1  0  0  0  0  0/0     8:05   0:00   0:26 
Bryan Little             0  0  0   0  0   0  0  0  0  0  1/2    17:53   4:59   0:00 
Conor Sheary             0  0  0  -1  0   3  0  0  0  0  0/0    11:28   0:00   0:00 
Evgeni Malkin            0  0  0   0  0   2  2  0  0  0  18/27  21:30   4:56   1:38 
Gabriel Landeskog        0  0  0   0  0   7  3  0  0  0  0/0    21:39   4:56   1:47 
Henri Jokiharju          0  1  1  -1  0   0  1  1  0  0  0/0    14:24   0:00   0:00 
Jacob Larsson            0  0  0  -1  0   0  2  0  0  0  0/0    14:24   0:00   0:00 
Jay Bouwmeester          0  1  1   1  0   2  0  0  0  0  0/0    21:11   4:32   1:45 
Jean-Gabriel Pageau      0  1  1  -1  0   3  0  0  0  0  11/16  12:24   0:00   0:56 
Joel Eriksson Ek         1  0  1  -1  0   1  0  1  0  0  0/0    12:01   0:00   0:33 
Justin Faulk             0  0  0  -1  0   5  3  1  0  0  0/0    24:25   5:23   1:23 
Mario Ferraro            0  0  0  -1  0   0  0  0  0  0  0/0     3:04   0:00   0:00 
Mikael Backlund          0  0  0   0  0   4  0  0  0  0  10/21  18:49   4:59   0:56 
Nick Shore               0  0  0   0  0   0  0  0  0  0  0/0     0:02   0:02   0:00 
Nicolas Aube-Kubel       0  0  0   0  2   1  1  0  0  0  0/0     7:38   0:00   0:00 
Riley Sheahan            1  0  1   0  0   1  0  0  0  0  9/12    7:39   0:00   0:00 
Roman Polak              0  0  0   1  0   1  2  1  0  0  0/0    21:11   4:32   1:45 
Thomas Chabot            0  0  0   0  0   4  0  0  0  0  0/0    21:21   5:23   1:23 
Zack Kassian             0  0  0   0  2   0  3  0  0  0  0/0    17:52   4:59   0:00 

3 Stars

1 - Nick Holden (VGK)
2 - Kyle Turris (VGK)
3 - Braden Holtby (VGK)

Power Play

VEGAS - 1 on 2 Attempt(s) - 50.00%
ARIZONA - 0 on 5 Attempt(s) - 0.00%

Penalty Kill

VEGAS - 5 on 5 Attempt(s) - 100.00% - Score 0 goal in Penalty Kill
ARIZONA - 1 on 2 Attempt(s) - 50.00% - Score 0 goal in Penalty Kill

Team Stat

VEGAS - Hits : 27 - Faceoff Wins : 30 - Blocked Shots : 9 - Penalty Minutes : 10
ARIZONA - Hits : 21 - Faceoff Wins : 50 - Blocked Shots : 4 - Penalty Minutes : 4

Official

Referees : Ian Bussieres and Eric Furlatt
Linesman : Bryan Pancich and Chris Boddy

Game Notes

No Game Note

Finance

Level 1 -- Attendance: 5359 (89.32%) -- Ticket Income $466,233
Level 2 -- Attendance: 4436 (88.72%) -- Ticket Income $257,288
Level 3 -- Attendance: 2000 (100.00%) -- Ticket Income $70,000
Level 4 -- Attendance: 3652 (91.30%) -- Ticket Income $73,040
Luxury Box -- Attendance: 792 (79.20%) -- Ticket Income $146,520
Game was played at the Gila River Arena.
Total Attendance: 16239 (90.22%)
Total Ticket Income: $1,013,081
Total Income: $1,013,081

VEGAS

5 vs 5 Forward 
   Center                   Left Wing                Right Wing               Time % Phy DF OF 
 1 Sam Reinhart             Phil Kessel              Oliver Bjorkstrand       35     1   2  2  
 2 Kyle Turris              Josh Anderson            Michael Grabner          30     1   2  2  
 3 Alexander Kerfoot        Max Comtois              Ondrej Kase              25     1   2  2  
 4 Victor Rask              Phil Kessel              Jayce Hawryluk           10     1   2  2  

5 vs 5 Defense 
   Defense                  Defense                                           Time % Phy DF OF 
 1 Noah Hanifin             Jack Johnson                                      35     1   2  2  
 2 Nikita Zadorov           Nick Holden                                       30     1   2  2  
 3 Devon Toews              Stephen Johns                                     25     1   2  2  
 4 Slater Koekkoek          Noah Hanifin                                      10     1   2  2  

PowerPlay Forward 
   Center                   Left Wing                Right Wing               Time % Phy DF OF 
 1 Sam Reinhart             Phil Kessel              Oliver Bjorkstrand       60     1   2  2  
 2 Kyle Turris              Josh Anderson            Michael Grabner          40     1   2  2  

PowerPlay Defense
   Defense                  Defense                                           Time % Phy DF OF 
 1 Noah Hanifin             Jack Johnson                                      60     1   2  2  
 2 Nikita Zadorov           Nick Holden                                       40     1   2  2  

Penalty Kill 4 Players Forward 
   Center                   Wing                     Time % Phy DF OF 
 1 Phil Kessel              Sam Reinhart             60     1   2  2  
 2 Oliver Bjorkstrand       Kyle Turris              40     1   2  2  

Penalty Kill 4 Players Defense
   Defense                  Defense                  Time % Phy DF OF 
 1 Noah Hanifin             Jack Johnson             60     1   2  2  
 2 Nikita Zadorov           Nick Holden              40     1   2  2  

Penalty Kill - 3 Players Forward 
   Forward                                           Time % Phy DF OF 
 1 Phil Kessel                                       60     1   2  2  
 2 Sam Reinhart                                      40     1   2  2  

Penalty Kill - 3 Players Defense
   Defense                  Defense                  Time % Phy DF OF 
 1 Noah Hanifin             Jack Johnson             60     1   2  2  
 2 Nikita Zadorov           Nick Holden              40     1   2  2  

4 vs 4 Forward 
   Center                   Wing                     Time % Phy DF OF 
 1 Phil Kessel              Sam Reinhart             60     1   2  2  
 2 Oliver Bjorkstrand       Kyle Turris              40     1   2  2  

4 vs 4 Defense
   Defense                  Defense                  Time % Phy DF OF 
 1 Noah Hanifin             Jack Johnson             60     1   2  2  
 2 Nikita Zadorov           Nick Holden              40     1   2  2  

Last Minutes Offensive
   Center                   Left Wing                Right Wing               Defense                  Defense                  
   Sam Reinhart             Phil Kessel              Oliver Bjorkstrand       Noah Hanifin             Jack Johnson             

Last Minutes Defensive
   Center                   Left Wing                Right Wing               Defense                  Defense                  
   Sam Reinhart             Phil Kessel              Oliver Bjorkstrand       Noah Hanifin             Jack Johnson             

Goaltenders
Starting : Braden Holtby            
Backup : Tristan Jarry            

Extra Forwards
Normal : Alexander Kerfoot, Max Comtois, Ondrej Kase - PP : Alexander Kerfoot, Max Comtois - PK : Ondrej Kase
Extra Defensemen
Normal : Devon Toews, Stephen Johns, Slater Koekkoek - PP : Devon Toews - PK : Stephen Johns, Slater Koekkoek
Penalty Shots
Phil Kessel, Sam Reinhart, Oliver Bjorkstrand, Kyle Turris, Josh Anderson

Scratches
Mikhail Grigorenko (Healthy), VGK Cap Hit (Suspend)

ARIZONA

5 vs 5 Forward 
   Center                   Left Wing                Right Wing               Time % Phy DF OF 
 1 Evgeni Malkin            Gabriel Landeskog        Adrian Kempe             35     1   2  2  
 2 Mikael Backlund          Bryan Little             Zack Kassian             30     1   2  2  
 3 Jean-Gabriel Pageau      Joel Eriksson Ek         Conor Sheary             25     1   2  2  
 4 Riley Sheahan            Brad Richardson          Nicolas Aube-Kubel       10     1   2  2  

5 vs 5 Defense 
   Defense                  Defense                                           Time % Phy DF OF 
 1 Justin Faulk             Thomas Chabot                                     35     1   2  2  
 2 Jay Bouwmeester          Roman Polak                                       30     1   2  2  
 3 Henri Jokiharju          Jacob Larsson                                     25     1   2  2  
 4 Mario Ferraro            Justin Faulk                                      10     1   2  2  

PowerPlay Forward 
   Center                   Left Wing                Right Wing               Time % Phy DF OF 
 1 Evgeni Malkin            Gabriel Landeskog        Adrian Kempe             60     1   2  2  
 2 Mikael Backlund          Bryan Little             Zack Kassian             40     1   2  2  

PowerPlay Defense
   Defense                  Defense                                           Time % Phy DF OF 
 1 Justin Faulk             Thomas Chabot                                     60     1   2  2  
 2 Jay Bouwmeester          Roman Polak                                       40     1   2  2  

Penalty Kill 4 Players Forward 
   Center                   Wing                     Time % Phy DF OF 
 1 Evgeni Malkin            Gabriel Landeskog        60     1   2  2  
 2 Mikael Backlund          Jean-Gabriel Pageau      40     1   2  2  

Penalty Kill 4 Players Defense
   Defense                  Defense                  Time % Phy DF OF 
 1 Justin Faulk             Thomas Chabot            60     1   2  2  
 2 Jay Bouwmeester          Roman Polak              40     1   2  2  

Penalty Kill - 3 Players Forward 
   Forward                                           Time % Phy DF OF 
 1 Evgeni Malkin                                     60     1   2  2  
 2 Gabriel Landeskog                                 40     1   2  2  

Penalty Kill - 3 Players Defense
   Defense                  Defense                  Time % Phy DF OF 
 1 Justin Faulk             Thomas Chabot            60     1   2  2  
 2 Jay Bouwmeester          Roman Polak              40     1   2  2  

4 vs 4 Forward 
   Center                   Wing                     Time % Phy DF OF 
 1 Evgeni Malkin            Gabriel Landeskog        60     1   2  2  
 2 Mikael Backlund          Jean-Gabriel Pageau      40     1   2  2  

4 vs 4 Defense
   Defense                  Defense                  Time % Phy DF OF 
 1 Justin Faulk             Thomas Chabot            60     1   2  2  
 2 Jay Bouwmeester          Roman Polak              40     1   2  2  

Last Minutes Offensive
   Center                   Left Wing                Right Wing               Defense                  Defense                  
   Evgeni Malkin            Gabriel Landeskog        Adrian Kempe             Justin Faulk             Thomas Chabot            

Last Minutes Defensive
   Center                   Left Wing                Right Wing               Defense                  Defense                  
   Evgeni Malkin            Gabriel Landeskog        Adrian Kempe             Justin Faulk             Thomas Chabot            

Goaltenders
Starting : Corey Crawford           
Backup : Alexandar Georgiev       

Extra Forwards
Normal : Nick Shore, Riley Sheahan, Joel Eriksson Ek - PP : Nick Shore, Riley Sheahan - PK : Joel Eriksson Ek
Extra Defensemen
Normal : Henri Jokiharju, Jacob Larsson, Mario Ferraro - PP : Henri Jokiharju - PK : Jacob Larsson, Mario Ferraro
Penalty Shots
Evgeni Malkin, Gabriel Landeskog, Mikael Backlund, Jean-Gabriel Pageau, Bryan Little

Scratches
ARI Cap Hit (Suspend), Oliver Kylington (Healthy)

% Time on Ice - VEGAS

Lines # - Real PCT - Wanted PCT - Time Play
Normal Forward
1 - 28% - 35% - 13:19
2 - 30% - 30% - 14:10
3 - 34% - 25% - 16:07
4 - 7% - 10% - 3:21
Normal Defense
1 - 28% - 35% - 13:11
2 - 31% - 30% - 14:43
3 - 29% - 25% - 13:36
4 - 12% - 10% - 5:27
PP Forward
1 - 41% - 60% - 1:18
2 - 59% - 40% - 1:50
PP Defense
1 - 59% - 60% - 1:50
2 - 41% - 40% - 1:18
PK Forward
1 - 66% - 60% - 6:33
2 - 34% - 40% - 3:22
PK Defense
1 - 49% - 60% - 4:54
2 - 51% - 40% - 5:01
PK3 Forward
1 - 0% - 60%
2 - 0% - 40%
PK3 Defense
1 - 0% - 60%
2 - 0% - 40%
44 Forward
1 - 0% - 60%
2 - 0% - 40%
44 Defense
1 - 0% - 60%
2 - 0% - 40%
Last Minute Offensive  - 0:00
Last Minute Defensive  - 0:00
Total
Forward - 60:00
Defense - 60:00

% Time on Ice - ARIZONA

Lines # - Real PCT - Wanted PCT - Time Play
Normal Forward
1 - 32% - 35% - 14:56
2 - 27% - 30% - 12:54
3 - 24% - 25% - 11:28
4 - 16% - 10% - 7:39
Normal Defense
1 - 31% - 35% - 14:35
2 - 32% - 30% - 14:54
3 - 31% - 25% - 14:24
4 - 7% - 10% - 3:04
PP Forward
1 - 50% - 60% - 4:56
2 - 50% - 40% - 4:59
PP Defense
1 - 54% - 60% - 5:23
2 - 46% - 40% - 4:32
PK Forward
1 - 70% - 60% - 2:12
2 - 30% - 40% - 0:56
PK Defense
1 - 44% - 60% - 1:23
2 - 56% - 40% - 1:45
PK3 Forward
1 - 0% - 60%
2 - 0% - 40%
PK3 Defense
1 - 0% - 60%
2 - 0% - 40%
44 Forward
1 - 0% - 60%
2 - 0% - 40%
44 Defense
1 - 0% - 60%
2 - 0% - 40%
Last Minute Offensive  - 0:00
Last Minute Defensive  - 0:00
Total
Forward - 60:00
Defense - 60:00

Play-by-Play

1st period


0:01 of 1st period - Evgeni Malkin wins face-off versus Sam Reinhart in neutral zone.
0:18 of 1st period - Shot by Evgeni Malkin.
0:18 of 1st period - Stopped by Braden Holtby with a rebound.
0:30 of 1st period - Shot by Gabriel Landeskog.
0:30 of 1st period - Stopped by Braden Holtby with a rebound.
0:34 of 1st period - Shot by Gabriel Landeskog.
0:34 of 1st period - Shot Blocked by Noah Hanifin.
0:36 of 1st period - Shot by Justin Faulk.
0:36 of 1st period - Stopped by Braden Holtby with a rebound.
0:38 of 1st period - Shot by Thomas Chabot.
0:38 of 1st period - Stopped by Braden Holtby without a rebound.
0:39 of 1st period - Michael Grabner wins face-off versus Mikael Backlund in VEGAS zone.
0:41 of 1st period - Icing by Kyle Turris.
0:42 of 1st period - Jean-Gabriel Pageau wins face-off versus Kyle Turris in VEGAS zone.
0:42 of 1st period - Jean-Gabriel Pageau is hit by Nikita Zadorov.
0:59 of 1st period - Shot by Kyle Turris.
0:59 of 1st period - Shot Hit the Post.
1:03 of 1st period - Shot by Kyle Turris.
1:03 of 1st period - Stopped by Corey Crawford with a rebound.
1:05 of 1st period - Shot by Nick Holden.
1:05 of 1st period - Goal by Nick Holden - VEGAS : 1 - ARIZONA : 0.
1:06 of 1st period - Alexander Kerfoot wins face-off versus Mikael Backlund in neutral zone.
1:29 of 1st period - Shot by Alexander Kerfoot.
1:29 of 1st period - Shot Misses the Net.
2:12 of 1st period - Shot by Phil Kessel.
2:12 of 1st period - Shot Misses the Net.
2:45 of 1st period - Off-side.
2:46 of 1st period - Jean-Gabriel Pageau wins face-off versus Josh Anderson in neutral zone.
3:02 of 1st period - Shot by Michael Grabner.
3:02 of 1st period - Deflect By Kyle Turris.
3:02 of 1st period - Stopped by Corey Crawford without a rebound.
3:03 of 1st period - Evgeni Malkin wins face-off versus Alexander Kerfoot in ARIZONA zone.
3:33 of 1st period - Evgeni Malkin is hit by Stephen Johns and loses puck.
4:11 of 1st period - Shot by Oliver Bjorkstrand.
4:11 of 1st period - Stopped by Corey Crawford without a rebound.
4:12 of 1st period - Riley Sheahan wins face-off versus Josh Anderson in ARIZONA zone.
4:18 of 1st period - Shot by Kyle Turris.
4:18 of 1st period - Shot Misses the Net.
4:20 of 1st period - Shot by Nick Holden.
4:20 of 1st period - Stopped by Corey Crawford without a rebound.
4:21 of 1st period - Kyle Turris wins face-off versus Jean-Gabriel Pageau in ARIZONA zone.
4:32 of 1st period - Shot by Conor Sheary.
4:32 of 1st period - Stopped by Braden Holtby without a rebound.
4:33 of 1st period - Riley Sheahan wins face-off versus Sam Reinhart in VEGAS zone.
5:04 of 1st period - Shot by Phil Kessel.
5:04 of 1st period - Shot Misses the Net.
5:06 of 1st period - Shot by Noah Hanifin.
5:06 of 1st period - Stopped by Corey Crawford without a rebound.
5:07 of 1st period - Jean-Gabriel Pageau wins face-off versus Kyle Turris in ARIZONA zone.
6:22 of 1st period - Devon Toews is hit by Adrian Kempe and loses puck.
6:28 of 1st period - Ondrej Kase is hit by Justin Faulk and loses puck.
6:31 of 1st period - Shot by Stephen Johns.
6:31 of 1st period - Stopped by Corey Crawford without a rebound.
6:32 of 1st period - Sam Reinhart wins face-off versus Mikael Backlund in ARIZONA zone.
6:33 of 1st period - Shot by Jack Johnson.
6:33 of 1st period - Shot Misses the Net.
6:35 of 1st period - Shot by Jack Johnson.
6:35 of 1st period - Shot Misses the Net.
6:47 of 1st period - Shot by Sam Reinhart.
6:47 of 1st period - Deflect By Phil Kessel.
6:47 of 1st period - Shot Blocked by Roman Polak.
7:21 of 1st period - Bryan Little is hit by Stephen Johns and loses puck.
7:56 of 1st period - Shot by Joel Eriksson Ek.
7:56 of 1st period - Goal by Joel Eriksson Ek - VEGAS : 1 - ARIZONA : 1.
7:57 of 1st period - Evgeni Malkin wins face-off versus Kyle Turris in neutral zone.
8:03 of 1st period - Icing by Nick Holden.
8:04 of 1st period - Evgeni Malkin wins face-off versus Kyle Turris in VEGAS zone.
8:07 of 1st period - Shot by Adrian Kempe.
8:07 of 1st period - Stopped by Braden Holtby with a rebound.
9:20 of 1st period - Shot by Nicolas Aube-Kubel.
9:20 of 1st period - Stopped by Braden Holtby with a rebound.
9:22 of 1st period - Shot by Brad Richardson.
9:22 of 1st period - Stopped by Braden Holtby without a rebound.
9:23 of 1st period - Mikael Backlund wins face-off versus Alexander Kerfoot in VEGAS zone.
9:23 of 1st period - Minor Penalty to Devon Toews for Roughing.
9:24 of 1st period - Phil Kessel wins face-off versus Mikael Backlund in VEGAS zone.
9:41 of 1st period - Shot by Bryan Little.
9:41 of 1st period - Deflect By Mikael Backlund.
9:41 of 1st period - Stopped by Braden Holtby without a rebound.
9:42 of 1st period - Evgeni Malkin wins face-off versus Phil Kessel in VEGAS zone.
9:49 of 1st period - Shot by Adrian Kempe.
9:49 of 1st period - Shot Misses the Net.
9:51 of 1st period - Shot by Justin Faulk.
9:51 of 1st period - Deflect By Evgeni Malkin.
9:51 of 1st period - Shot Misses the Net.
9:53 of 1st period - Shot by Thomas Chabot.
9:53 of 1st period - Stopped by Braden Holtby without a rebound.
9:54 of 1st period - Phil Kessel wins face-off versus Mikael Backlund in VEGAS zone.
9:54 of 1st period - Phil Kessel is hit by Zack Kassian.
10:01 of 1st period - Icing by Justin Faulk.
10:02 of 1st period - Mikael Backlund wins face-off versus Phil Kessel in ARIZONA zone.
11:02 of 1st period - Shot by Gabriel Landeskog.
11:02 of 1st period - Shot Misses the Net.
11:04 of 1st period - Shot by Gabriel Landeskog.
11:04 of 1st period - Stopped by Braden Holtby without a rebound.
11:05 of 1st period - Adrian Kempe wins face-off versus Sam Reinhart in VEGAS zone.
11:36 of 1st period - Henri Jokiharju is hit by Max Comtois and loses puck.
11:47 of 1st period - Shot by Alexander Kerfoot.
11:47 of 1st period - Stopped by Corey Crawford without a rebound.
11:48 of 1st period - Riley Sheahan wins face-off versus Kyle Turris in ARIZONA zone.
12:37 of 1st period - Josh Anderson is hit by Zack Kassian and loses puck.
12:42 of 1st period - Shot by Mikael Backlund.
12:42 of 1st period - Deflect By Zack Kassian.
12:42 of 1st period - Shot Misses the Net.
12:50 of 1st period - Shot by Mikael Backlund.
12:50 of 1st period - Shot Misses the Net.
12:54 of 1st period - Shot by Mikael Backlund.
12:54 of 1st period - Stopped by Braden Holtby without a rebound.
12:55 of 1st period - Sam Reinhart wins face-off versus Evgeni Malkin in VEGAS zone.
13:54 of 1st period - Icing by Jack Johnson.
13:55 of 1st period - Sam Reinhart wins face-off versus Jean-Gabriel Pageau in VEGAS zone.
14:12 of 1st period - Off-side.
14:13 of 1st period - Mikael Backlund wins face-off versus Alexander Kerfoot in neutral zone.
14:44 of 1st period - Shot by Ondrej Kase.
14:44 of 1st period - Shot Misses the Net.
14:56 of 1st period - Jay Bouwmeester is hit by Max Comtois and loses puck.
15:12 of 1st period - Icing by Josh Anderson.
15:13 of 1st period - Evgeni Malkin wins face-off versus Kyle Turris in VEGAS zone.
15:32 of 1st period - Shot by Gabriel Landeskog.
15:32 of 1st period - Stopped by Braden Holtby with a rebound.
15:40 of 1st period - Shot by Evgeni Malkin.
15:40 of 1st period - Stopped by Braden Holtby without a rebound.
15:41 of 1st period - Victor Rask wins face-off versus Jean-Gabriel Pageau in VEGAS zone.
15:50 of 1st period - Shot by Phil Kessel.
15:50 of 1st period - Shot Misses the Net.
16:00 of 1st period - Icing by Conor Sheary.
16:01 of 1st period - Jean-Gabriel Pageau wins face-off versus Kyle Turris in ARIZONA zone.
16:08 of 1st period - Shot by Jean-Gabriel Pageau.
16:08 of 1st period - Stopped by Braden Holtby without a rebound.
16:09 of 1st period - Alexander Kerfoot wins face-off versus Evgeni Malkin in VEGAS zone.
16:09 of 1st period - Alexander Kerfoot is hit by Adrian Kempe.
16:49 of 1st period - Thomas Chabot is hit by Jack Johnson and loses puck.
17:12 of 1st period - Shot by Phil Kessel.
17:12 of 1st period - Stopped by Corey Crawford without a rebound.
17:13 of 1st period - Jean-Gabriel Pageau wins face-off versus Kyle Turris in ARIZONA zone.
17:13 of 1st period - Jean-Gabriel Pageau is hit by Josh Anderson.
17:22 of 1st period - Minor Penalty to Josh Anderson for Roughing.
17:23 of 1st period - Phil Kessel wins face-off versus Mikael Backlund in VEGAS zone.
17:39 of 1st period - Bryan Little is hit by Nikita Zadorov and loses puck.
17:57 of 1st period - Bryan Little is hit by Nick Holden and loses puck.
18:01 of 1st period - Mikael Backlund is hit by Nikita Zadorov and loses puck.
18:18 of 1st period - Shot by Justin Faulk.
18:18 of 1st period - Stopped by Braden Holtby without a rebound.
18:19 of 1st period - Oliver Bjorkstrand wins face-off versus Evgeni Malkin in VEGAS zone.
18:24 of 1st period - Kyle Turris is hit by Gabriel Landeskog and loses puck.
19:15 of 1st period - Shot by Mikael Backlund.
19:15 of 1st period - Shot Misses the Net.
19:17 of 1st period - Shot by Roman Polak.
19:17 of 1st period - Shot Blocked by Nick Holden.
19:19 of 1st period - Shot by Jay Bouwmeester.
19:19 of 1st period - Stopped by Braden Holtby without a rebound.
19:20 of 1st period - Evgeni Malkin wins face-off versus Phil Kessel in VEGAS zone.
19:28 of 1st period - Joel Eriksson Ek is hit by Stephen Johns and loses puck.
19:46 of 1st period - Ondrej Kase is hit by Jacob Larsson and loses puck.
Goals for this period are 1 for VEGAS vs 1 for ARIZONA.
Shots for this period are 9 for VEGAS vs 18 for ARIZONA.

2nd period


0:01 of 2nd period - Mikael Backlund wins face-off versus Sam Reinhart in neutral zone.
0:26 of 2nd period - Shot by Phil Kessel.
0:26 of 2nd period - Shot Blocked by Justin Faulk.
0:31 of 2nd period - Icing by Justin Faulk.
0:32 of 2nd period - Mikael Backlund wins face-off versus Kyle Turris in ARIZONA zone.
0:32 of 2nd period - Mikael Backlund is hit by Josh Anderson.
0:47 of 2nd period - Icing by Nikita Zadorov.
0:48 of 2nd period - Kyle Turris wins face-off versus Evgeni Malkin in VEGAS zone.
0:48 of 2nd period - Kyle Turris is hit by Gabriel Landeskog.
1:10 of 2nd period - Nick Holden is hit by Gabriel Landeskog and loses puck.
1:14 of 2nd period - Minor Penalty to Nikita Zadorov for Tripping.
1:15 of 2nd period - Mikael Backlund wins face-off versus Phil Kessel in VEGAS zone.
1:18 of 2nd period - Shot by Thomas Chabot.
1:18 of 2nd period - Stopped by Braden Holtby with a rebound.
1:20 of 2nd period - Shot by Justin Faulk.
1:20 of 2nd period - The goal is going for a video replay.
1:20 of 2nd period - The goal is refused.
1:21 of 2nd period - Evgeni Malkin wins face-off versus Phil Kessel in VEGAS zone.
1:21 of 2nd period - Evgeni Malkin is hit by Jack Johnson.
1:33 of 2nd period - Shot by Evgeni Malkin.
1:33 of 2nd period - Shot Blocked by Jack Johnson.
1:35 of 2nd period - Shot by Justin Faulk.
1:35 of 2nd period - Stopped by Braden Holtby without a rebound.
1:36 of 2nd period - Mikael Backlund wins face-off versus Phil Kessel in VEGAS zone.
1:43 of 2nd period - Shot by Mikael Backlund.
1:43 of 2nd period - Shot Misses the Net.
1:45 of 2nd period - Shot by Mikael Backlund.
1:45 of 2nd period - Stopped by Braden Holtby without a rebound.
1:46 of 2nd period - Evgeni Malkin wins face-off versus Phil Kessel in VEGAS zone.
3:50 of 2nd period - Icing by Slater Koekkoek.
3:51 of 2nd period - Riley Sheahan wins face-off versus Alexander Kerfoot in VEGAS zone.
4:00 of 2nd period - Shot by Riley Sheahan.
4:00 of 2nd period - Shot Blocked by Noah Hanifin.
4:05 of 2nd period - Slater Koekkoek is hit by Justin Faulk and loses puck.
4:57 of 2nd period - Minor Penalty to Nicolas Aube-Kubel for Holding.
4:58 of 2nd period - Kyle Turris wins face-off versus Evgeni Malkin in ARIZONA zone.
5:12 of 2nd period - Shot by Jack Johnson.
5:12 of 2nd period - Shot Misses the Net.
6:06 of 2nd period - Shot by Sam Reinhart.
6:06 of 2nd period - Goal by Sam Reinhart - VEGAS : 2 - ARIZONA : 1.
6:07 of 2nd period - Mikael Backlund wins face-off versus Alexander Kerfoot in neutral zone.
6:09 of 2nd period - Off-side.
6:10 of 2nd period - Alexander Kerfoot wins face-off versus Mikael Backlund in neutral zone.
6:26 of 2nd period - Shot by Zack Kassian.
6:26 of 2nd period - Shot Misses the Net.
6:55 of 2nd period - Icing by Noah Hanifin.
6:56 of 2nd period - Jean-Gabriel Pageau wins face-off versus Alexander Kerfoot in VEGAS zone.
6:56 of 2nd period - Thomas Chabot is hit by Slater Koekkoek and loses puck.
7:13 of 2nd period - Shot by Conor Sheary.
7:13 of 2nd period - Shot Misses the Net.
7:15 of 2nd period - Shot by Jean-Gabriel Pageau.
7:15 of 2nd period - Stopped by Braden Holtby without a rebound.
7:16 of 2nd period - Evgeni Malkin wins face-off versus Sam Reinhart in VEGAS zone.
7:27 of 2nd period - Shot by Sam Reinhart.
7:27 of 2nd period - Shot Misses the Net.
7:33 of 2nd period - Shot by Sam Reinhart.
7:33 of 2nd period - Shot Misses the Net.
7:45 of 2nd period - Shot by Oliver Bjorkstrand.
7:45 of 2nd period - Shot Misses the Net.
8:14 of 2nd period - Minor Penalty to Zack Kassian for Cross-checking.
8:15 of 2nd period - Kyle Turris wins face-off versus Mikael Backlund in ARIZONA zone.
8:16 of 2nd period - Shot by Noah Hanifin.
8:16 of 2nd period - Shot Misses the Net.
8:35 of 2nd period - Michael Grabner is hit by Justin Faulk and loses puck.
8:50 of 2nd period - Icing by Josh Anderson.
8:51 of 2nd period - Kyle Turris wins face-off versus Evgeni Malkin in VEGAS zone.
9:27 of 2nd period - Shot by Oliver Bjorkstrand.
9:27 of 2nd period - Stopped by Corey Crawford with a rebound.
9:39 of 2nd period - Shot by Evgeni Malkin.
9:39 of 2nd period - Deflect By Joel Eriksson Ek.
9:39 of 2nd period - Shot Misses the Net.
11:23 of 2nd period - Icing by Jacob Larsson.
11:24 of 2nd period - Kyle Turris wins face-off versus Mikael Backlund in ARIZONA zone.
11:24 of 2nd period - Kyle Turris is hit by Jacob Larsson.
11:35 of 2nd period - Off-side.
11:36 of 2nd period - Evgeni Malkin wins face-off versus Kyle Turris in neutral zone.
12:07 of 2nd period - Shot by Evgeni Malkin.
12:07 of 2nd period - Shot Misses the Net.
12:09 of 2nd period - Shot by Thomas Chabot.
12:09 of 2nd period - Shot Blocked by Nick Holden.
12:11 of 2nd period - Shot by Thomas Chabot.
12:11 of 2nd period - Stopped by Braden Holtby without a rebound.
12:12 of 2nd period - Jean-Gabriel Pageau wins face-off versus Alexander Kerfoot in VEGAS zone.
12:21 of 2nd period - Shot by Conor Sheary.
12:21 of 2nd period - Stopped by Braden Holtby without a rebound.
12:22 of 2nd period - Riley Sheahan wins face-off versus Sam Reinhart in VEGAS zone.
12:24 of 2nd period - Nicolas Aube-Kubel is hit by Jack Johnson and loses puck.
12:28 of 2nd period - Minor Penalty to Jack Johnson for Cross-checking.
12:29 of 2nd period - Phil Kessel wins face-off versus Evgeni Malkin in VEGAS zone.
12:56 of 2nd period - Shot by Gabriel Landeskog.
12:56 of 2nd period - Stopped by Braden Holtby without a rebound.
12:57 of 2nd period - Mikael Backlund wins face-off versus Phil Kessel in VEGAS zone.
14:32 of 2nd period - Henri Jokiharju is hit by Jack Johnson and loses puck.
14:43 of 2nd period - Shot by Conor Sheary.
14:43 of 2nd period - Stopped by Braden Holtby without a rebound.
14:44 of 2nd period - Kyle Turris wins face-off versus Riley Sheahan in VEGAS zone.
14:44 of 2nd period - Kyle Turris is hit by Nicolas Aube-Kubel.
15:33 of 2nd period - Icing by Alexander Kerfoot.
15:34 of 2nd period - Evgeni Malkin wins face-off versus Alexander Kerfoot in VEGAS zone.
15:35 of 2nd period - Shot by Adrian Kempe.
15:35 of 2nd period - Deflect By Gabriel Landeskog.
15:35 of 2nd period - Shot Misses the Net.
15:37 of 2nd period - Shot by Roman Polak.
15:37 of 2nd period - Stopped by Braden Holtby without a rebound.
15:38 of 2nd period - Evgeni Malkin wins face-off versus Sam Reinhart in VEGAS zone.
15:54 of 2nd period - Icing by Jay Bouwmeester.
15:55 of 2nd period - Evgeni Malkin wins face-off versus Alexander Kerfoot in ARIZONA zone.
16:12 of 2nd period - Evgeni Malkin is hit by Max Comtois and loses puck.
16:17 of 2nd period - Shot by Max Comtois.
16:17 of 2nd period - Stopped by Corey Crawford with a rebound.
16:45 of 2nd period - Shot by Sam Reinhart.
16:45 of 2nd period - Stopped by Corey Crawford without a rebound.
16:46 of 2nd period - Sam Reinhart wins face-off versus Bryan Little in ARIZONA zone.
18:09 of 2nd period - Shot by Jean-Gabriel Pageau.
18:09 of 2nd period - Stopped by Braden Holtby with a rebound.
18:18 of 2nd period - Icing by Devon Toews.
18:19 of 2nd period - Riley Sheahan wins face-off versus Kyle Turris in VEGAS zone.
18:44 of 2nd period - Shot by Riley Sheahan.
18:44 of 2nd period - Goal by Riley Sheahan - VEGAS : 2 - ARIZONA : 2.
18:45 of 2nd period - Evgeni Malkin wins face-off versus Alexander Kerfoot in neutral zone.
18:53 of 2nd period - Evgeni Malkin is hit by Nikita Zadorov and loses puck.
19:00 of 2nd period - Shot by Gabriel Landeskog.
19:00 of 2nd period - Shot Misses the Net.
19:06 of 2nd period - Shot by Evgeni Malkin.
19:06 of 2nd period - Shot Blocked by Nikita Zadorov.
19:35 of 2nd period - Icing by Nick Holden.
19:36 of 2nd period - Alexander Kerfoot wins face-off versus Mikael Backlund in VEGAS zone.
19:38 of 2nd period - Icing by Max Comtois.
19:39 of 2nd period - Bryan Little wins face-off versus Alexander Kerfoot in VEGAS zone.
19:49 of 2nd period - Shot by Jay Bouwmeester.
19:49 of 2nd period - Stopped by Braden Holtby with a rebound.
Goals for this period are 1 for VEGAS vs 1 for ARIZONA.
Shots for this period are 4 for VEGAS vs 13 for ARIZONA.

3rd period


0:01 of 3rd period - Sam Reinhart wins face-off versus Evgeni Malkin in neutral zone.
0:06 of 3rd period - Justin Faulk is hit by Oliver Bjorkstrand and loses puck.
0:16 of 3rd period - Icing by Noah Hanifin.
0:17 of 3rd period - Jean-Gabriel Pageau wins face-off versus Sam Reinhart in VEGAS zone.
1:50 of 3rd period - Shot by Gabriel Landeskog.
1:50 of 3rd period - Stopped by Braden Holtby without a rebound.
1:51 of 3rd period - Mikael Backlund wins face-off versus Alexander Kerfoot in VEGAS zone.
2:03 of 3rd period - Alexander Kerfoot is hit by Henri Jokiharju and loses puck.
2:30 of 3rd period - Off-side.
2:31 of 3rd period - Evgeni Malkin wins face-off versus Sam Reinhart in neutral zone.
2:46 of 3rd period - Shot by Evgeni Malkin.
2:46 of 3rd period - Shot Misses the Net.
2:48 of 3rd period - Shot by Gabriel Landeskog.
2:48 of 3rd period - Stopped by Braden Holtby without a rebound.
2:49 of 3rd period - Kyle Turris wins face-off versus Riley Sheahan in VEGAS zone.
2:58 of 3rd period - Brad Richardson is hit by Josh Anderson and loses puck.
3:08 of 3rd period - Icing by Mario Ferraro.
3:09 of 3rd period - Riley Sheahan wins face-off versus Sam Reinhart in ARIZONA zone.
3:11 of 3rd period - Icing by Brad Richardson.
3:12 of 3rd period - Riley Sheahan wins face-off versus Sam Reinhart in ARIZONA zone.
3:22 of 3rd period - Riley Sheahan is hit by Oliver Bjorkstrand and loses puck.
4:00 of 3rd period - Off-side.
4:01 of 3rd period - Kyle Turris wins face-off versus Evgeni Malkin in neutral zone.
4:01 of 3rd period - Nick Holden is hit by Adrian Kempe and loses puck.
4:07 of 3rd period - Adrian Kempe is hit by Josh Anderson and loses puck.
4:15 of 3rd period - Jay Bouwmeester is hit by Nikita Zadorov and loses puck.
5:15 of 3rd period - Icing by Jacob Larsson.
5:16 of 3rd period - Sam Reinhart wins face-off versus Mikael Backlund in ARIZONA zone.
5:55 of 3rd period - Joel Eriksson Ek is hit by Jack Johnson and loses puck.
6:54 of 3rd period - Devon Toews is hit by Evgeni Malkin.
6:58 of 3rd period - Shot by Max Comtois.
6:58 of 3rd period - Stopped by Corey Crawford without a rebound.
6:59 of 3rd period - Kyle Turris wins face-off versus Riley Sheahan in ARIZONA zone.
7:52 of 3rd period - Josh Anderson is hit by Zack Kassian and loses puck.
8:09 of 3rd period - Shot by Mikael Backlund.
8:09 of 3rd period - Stopped by Braden Holtby with a rebound.
8:11 of 3rd period - Shot by Bryan Little.
8:11 of 3rd period - Shot Misses the Net.
8:13 of 3rd period - Shot by Mikael Backlund.
8:13 of 3rd period - Deflect By Bryan Little.
8:13 of 3rd period - Shot Misses the Net.
8:15 of 3rd period - Shot by Justin Faulk.
8:15 of 3rd period - Stopped by Braden Holtby with a rebound.
8:17 of 3rd period - Shot by Justin Faulk.
8:17 of 3rd period - Shot Blocked by Stephen Johns.
8:39 of 3rd period - Evgeni Malkin is hit by Stephen Johns and loses puck.
9:04 of 3rd period - Shot by Gabriel Landeskog.
9:04 of 3rd period - Stopped by Braden Holtby without a rebound.
9:05 of 3rd period - Sam Reinhart wins face-off versus Jean-Gabriel Pageau in VEGAS zone.
9:20 of 3rd period - Shot by Oliver Bjorkstrand.
9:20 of 3rd period - Shot Blocked by Henri Jokiharju.
9:23 of 3rd period - Icing by Jacob Larsson.
9:24 of 3rd period - Jean-Gabriel Pageau wins face-off versus Victor Rask in ARIZONA zone.
11:05 of 3rd period - Shot by Max Comtois.
11:05 of 3rd period - Shot Misses the Net.
11:41 of 3rd period - Shot by Oliver Bjorkstrand.
11:41 of 3rd period - Stopped by Corey Crawford without a rebound.
11:42 of 3rd period - Jean-Gabriel Pageau wins face-off versus Victor Rask in ARIZONA zone.
11:42 of 3rd period - Jean-Gabriel Pageau is hit by Jayce Hawryluk.
11:53 of 3rd period - Shot by Phil Kessel.
11:53 of 3rd period - Shot Misses the Net.
11:55 of 3rd period - Shot by Slater Koekkoek.
11:55 of 3rd period - Shot Blocked by Joel Eriksson Ek.
11:59 of 3rd period - Shot by Victor Rask.
11:59 of 3rd period - Goal by Victor Rask - VEGAS : 3 - ARIZONA : 2.
12:00 of 3rd period - Riley Sheahan wins face-off versus Kyle Turris in neutral zone.
12:23 of 3rd period - Shot by Kyle Turris.
12:23 of 3rd period - Goal by Kyle Turris - VEGAS : 4 - ARIZONA : 2.
12:24 of 3rd period - Alexander Kerfoot wins face-off versus Jean-Gabriel Pageau in neutral zone.
12:53 of 3rd period - Shot by Max Comtois.
12:53 of 3rd period - Stopped by Corey Crawford without a rebound.
12:54 of 3rd period - Evgeni Malkin wins face-off versus Sam Reinhart in ARIZONA zone.
13:01 of 3rd period - Jack Johnson is hit by Adrian Kempe and loses puck.
13:16 of 3rd period - Noah Hanifin is hit by Evgeni Malkin and loses puck.
13:25 of 3rd period - Shot by Gabriel Landeskog.
13:25 of 3rd period - Shot Misses the Net.
14:17 of 3rd period - Shot by Michael Grabner.
14:17 of 3rd period - Stopped by Corey Crawford without a rebound.
14:18 of 3rd period - Jean-Gabriel Pageau wins face-off versus Alexander Kerfoot in ARIZONA zone.
15:05 of 3rd period - Jay Bouwmeester is hit by Nick Holden and loses puck.
15:06 of 3rd period - Minor Penalty to Nikita Zadorov for Roughing.
15:07 of 3rd period - Evgeni Malkin wins face-off versus Phil Kessel in VEGAS zone.
15:42 of 3rd period - Shot by Gabriel Landeskog.
15:42 of 3rd period - Shot Misses the Net.
15:44 of 3rd period - Shot by Thomas Chabot.
15:44 of 3rd period - Shot Misses the Net.
16:04 of 3rd period - Shot by Mikael Backlund.
16:04 of 3rd period - Shot Misses the Net.
17:58 of 3rd period - Stephen Johns is hit by Roman Polak and loses puck.
18:23 of 3rd period - Shot by Nicolas Aube-Kubel.
18:23 of 3rd period - Shot Blocked by Noah Hanifin.
18:32 of 3rd period - Alexander Kerfoot is hit by Roman Polak.
19:07 of 3rd period - Off-side.
19:08 of 3rd period - Victor Rask wins face-off versus Adrian Kempe in neutral zone.
19:35 of 3rd period - Shot by Evgeni Malkin.
19:35 of 3rd period - Shot Blocked by Victor Rask.
Goals for this period are 2 for VEGAS vs 0 for ARIZONA.
Shots for this period are 6 for VEGAS vs 5 for ARIZONA.